 Dungeon Crawl Stone Soup version 0.24.0-13-gcf9b3192b9 (webtiles) character file.

Game seed: 6222463171390517512, levelgen mode: deterministic

7599 Lanoc the Slinger (level 11, -9/75 HPs)
             Began as a Halfling Hunter on Nov 8, 2019.
             Was an Elder of Fedhas.
             Mangled by a two-headed ogre
             ... wielding a +0 giant club
              (22 damage)
             ... on level 10 of the Dungeon on Nov 9, 2019.
             The game lasted 00:19:58 (9020 turns).

Lanoc the Slinger (Halfling Hunter)                 Turns: 9020, Time: 00:19:59

Health: -9/75      AC:  9    Str: 17    XL:     11   Next: 40%
Magic:  16/16      EV: 22    Int: 11    God:    Fedhas [****..]
Gold:   426        SH:  0    Dex: 19    Spells: 8/10 levels left

rFire    . . .     SeeInvis +   e - +10 trident of the Sage {pierce, Fragile rPois Str+4 Int+2}
rCold    . . .     Gourm    +   (shield currently unavailable)
rNeg     . . .     Faith    .   L - +0 leather armour of Polish {MR+}
rPois    +         Spirit   .   G - +2 hat
rElec    .         Reflect  .   S - +1 cloak
rCorr    +         Harm     .   F - +0 pair of gloves
MR       +....                  J - +0 pair of boots
Stlth    ++........             o - amulet of the gourmand
HPRegen  0.22/turn              Q - ring of see invisible
MPRegen  0.15/turn              c - ring of resist corrosion

@: no status effects
A: small, mutation resistance 1
a: Wall of Briars, Grow Ballistomycete, Overgrow, Renounce Religion


You were on level 10 of the Dungeon.
You worshipped Fedhas.
Fedhas was greatly pleased with you.
You were completely stuffed.

You visited 2 branches of the dungeon, and saw 11 of its levels.
You also visited: Sewer and Ossuary.

You collected 748 gold pieces.
You spent 322 gold pieces at shops.

Inventory:

Hand Weapons
 a - a +2 hunting sling
 e - the +10 trident of the Sage (weapon) {pierce, Fragile rPois Str+4 Int+2}
   (You found it on level 4 of the Dungeon)

   It inflicts extra damage upon your enemies.
   It affects your strength (+4).
   It affects your intelligence (+2).
   It protects you from poison.
   It will be destroyed if unequipped.
 y - a +1 dagger of chaos
Missiles
 d - 140 sling bullets
 g - 204 stones
 K - 23 poisoned darts (quivered)
 N - 5 throwing nets
Armour
 t - a +2 buckler
 F - a +0 pair of gloves (worn)
 G - a +2 hat (worn)
 H - a +3 leather armour
 J - a +0 pair of boots (worn)
 L - the +0 leather armour of Polish (worn) {MR+}
   (You found it on level 6 of the Dungeon)

   It affects your resistance to hostile enchantments.
 S - a +1 cloak (worn)
Jewellery
 c - a ring of resist corrosion (right hand)
 n - an uncursed ring of flight
 o - an amulet of the gourmand (around neck)
 I - an uncursed ring of positive energy
 O - an uncursed ring of protection from fire
 Q - a ring of see invisible (left hand)
 W - a +5 ring of intelligence
Wands
 r - a wand of clouds (6)
 R - a wand of acid (3)
 T - a wand of polymorph (14)
 U - a wand of digging (5)
 V - a wand of paralysis (7)
 X - a wand of iceblast (12)
Scrolls
 h - 5 scrolls of fog
 i - 3 scrolls of enchant weapon
 q - 7 scrolls of teleportation
 s - 3 scrolls of remove curse
 v - 2 scrolls of fear
 x - 4 scrolls of blinking
 A - a scroll of magic mapping
 C - 3 scrolls of identify
 D - 3 scrolls of enchant armour
 E - 3 scrolls of amnesia
 Y - a scroll of immolation
Potions
 b - 3 potions of lignification
 j - 2 potions of brilliance
 k - 10 potions of heal wounds
 l - 6 potions of might
 m - a potion of mutation
 p - 3 potions of cancellation
 u - 4 potions of haste
 w - 2 potions of resistance
 z - 2 potions of magic
 B - 8 potions of curing
 M - a potion of agility
 P - a potion of invisibility
Comestibles
 f - 21 rations


   Skills:
 + Level 7.4 Fighting
 + Level 6.2 Polearms
 - Level 12.0 Slings
 + Level 8.9 Dodging
 - Level 1.1 Stealth
 - Level 3.1 Shields
 + Level 7.5 Invocations


You had 8 spell levels left.
You knew the following spells:

 Your Spells              Type           Power        Failure   Level  Hunger
a - Ensorcelled Hibernat  Hex/Ice        #.....       54%         2    ###....

Your spell library contained the following spells:

 Spells                   Type           Power        Failure   Level  Hunger
 Corona                   Hex            #......      41%         1    ##.....
 Confuse                  Hex            #.......     78%         3    ####...
 Dazzling Spray           Conj/Hex       #.....       78%         3    ####...
 Tukima's Dance           Hex            #.......     78%         3    ####...


Dungeon Overview and Level Annotations

Branches:
Dungeon (10/15)            Temple (1/1) D:4           Sewer (visited)
Ossuary (visited)
   Lair: D:8-11         Orc: D:9-12

Altars:
Ashenzari
Cheibriados
Dithmenos
Elyvilon
Fedhas
Gozag
Hepliaklqana
Kikubaaqudgha
Makhleb
Nemelex Xobeh
Okawaru
Qazlal
Ru
Sif Muna
Trog
Uskayaw
Vehumet
Wu Jian
Xom
Yredelemnul
Zin
The Shining One

Shops:
D:7 !   D:10 [


Innate Abilities, Weirdness & Mutations

You are small and have problems with some larger weapons.
You are somewhat resistant to further mutation.


Message History

The two-headed ogre completely misses you.
The two-headed ogre closely misses you.
The unseen horror completely misses you.
You puncture the two-headed ogre!
The two-headed ogre is severely wounded.
The unseen horror closely misses you.
The two-headed ogre hits you with a +0 giant club!
The two-headed ogre hits you with a +0 giant spiked club.
* * * LOW HITPOINT WARNING * * *
You barely miss the two-headed ogre.
The two-headed ogre is severely wounded.
The unseen horror misses you. x2
You puncture the two-headed ogre!
The two-headed ogre is almost dead.
The unseen horror misses you.
The two-headed ogre hits you with a +0 giant club!
* * * LOW HITPOINT WARNING * * *
The two-headed ogre hits you with a +0 giant spiked club!!
You die...
Fedhas appreciates your contribution to the ecosystem.

..........#
..........#
..........#
..........#
.......x..#
..........#
..........# ..
......O@..####...
..#####.....%.... ..
#.......... ...
#..........
...#####...........#
...................#
...................#
...................#
...................#


You could see a two-headed ogre and an unseen horror (invisible).

Vanquished Creatures
  Harold (D:9)
  A hydra (D:8)
  A two-headed ogre (D:9)
  Maurice (D:10)
  3 hippogriffs
  2 dream sheep (D:8)
  2 yaks (D:8)
  Eustachio (D:5)
  Menkaure (D:7)
  A sky beast (D:8)
  An ice beast (D:8)
  An orc warrior (D:9)
  3 ogres
  2 phantoms (D:6)
  2 black bears
  3 centaurs
  4 big kobolds
  6 bullfrogs
  A scorpion (D:4)
  2 howler monkeys
  A bullfrog zombie (D:5)
  2 centaur zombies
  8 crimson imps
  An orc priest (D:6)
  2 bullfrog skeletons
  6 hounds
  Crazy Yiuf (D:7)
  A human zombie (Ossuary)
  3 jellies
  3 orc wizards
  A centaur skeleton (D:9)
  8 iguanas
  5 worker ants
  4 big kobold zombies (Ossuary)
  3 hound zombies
  5 mummies
  A spectral worker ant (D:9)
  A worker ant zombie (D:8)
  6 gnolls
  20 adders
  4 river rats
  2 shadow imps (D:8)
  2 oozes
  2 adder skeletons
  3 adder zombies (Ossuary)
  3 worms
  A dart slug (D:4)
  7 leopard geckos
  37 orcs
  9 ball pythons (Sewer)
  A giant cockroach (D:2)
  13 goblins
  8 hobgoblins
  14 kobolds
  5 quokkas
  8 bats
  7 frilled lizards
  4 goblin zombies (Ossuary)
  2 hobgoblin zombies (Ossuary)
  5 jackal zombies (Ossuary)
  4 kobold zombies (Ossuary)
  An orc zombie (Ossuary)
  A quokka skeleton (D:6)
  4 quokka zombies (Ossuary)
  33 rats
  5 rat zombies (Ossuary)
306 creatures vanquished.

Notes
Turn   | Place    | Note
-------+----------+-------------------------------------------
     0 | D:1      | Lanoc the Halfling Hunter began the quest for the Orb.
     0 | D:1      | Reached XP level 1. HP: 14/14 MP: 1/1
    98 | D:1      | Reached skill level 6 in Slings
   156 | D:1      | Reached XP level 2. HP: 19/19 MP: 2/2
   568 | D:2      | Reached XP level 3. HP: 24/24 MP: 3/3
   811 | D:2      | Reached skill level 7 in Slings
   811 | D:2      | Reached XP level 4. HP: 30/30 MP: 4/4
   963 | D:2      | Reached XP level 5. HP: 35/35 MP: 5/5
  1932 | D:3      | Reached skill level 1 in Shields
  1943 | D:3      | Found a shimmering altar of Xom.
  2023 | D:3      | Reached XP level 6. HP: 41/41 MP: 6/6
  2141 | D:4      | Reached skill level 8 in Slings
  2144 | D:4      | Found a staircase to the Ecumenical Temple.
  2246 | D:4      | Found a glowing drain.
  2255 | Sewer    | Entered a sewer
  2628 | Sewer    | Reached XP level 7. HP: 36/46 MP: 7/7
  2798 | Sewer    | Reached skill level 9 in Slings
  2988 | D:4      | Found a hazy altar of Hepliaklqana.
  3047 | D:4      | Got a faintly glowing trident
  3053 | D:4      | Identified the +10 trident of the Sage {pierce, Fragile
                  | rPois Str+4 Int+2} (You found it on level 4 of the Dungeon)
  3146 | D:4      | Found a blossoming altar of Fedhas.
  3354 | D:4      | Found a burning altar of Makhleb.
  3466 | Temple   | Entered the Ecumenical Temple
  3676 | Temple   | Became a worshipper of Fedhas Madash
  3701 | D:5      | Entered Level 5 of the Dungeon
  3723 | D:5      | Found a sand-covered staircase.
  3727 | D:5      | Reached XP level 8. HP: 53/54 MP: 8/8
  3732 | Ossuary  | Entered an ossuary
  3769 | Ossuary  | Reached skill level 1 in Polearms
  3843 | Ossuary  | Reached * piety under Fedhas
  3859 | Ossuary  | Reached skill level 1 in Invocations
  3909 | Ossuary  | Reached skill level 10 in Slings
  4039 | D:5      | Found a white marble altar of Elyvilon.
  4202 | D:5      | Reached skill level 5 in Dodging
  4357 | D:5      | Found a shattered altar of Ashenzari.
  4593 | D:5      | Reached ** piety under Fedhas
  4724 | D:5      | Noticed Eustachio
  4761 | D:5      | Killed Eustachio
  4761 | D:5      | Reached XP level 9. HP: 49/59 MP: 9/11
  4935 | D:6      | Reached skill level 11 in Slings
  5306 | D:6      | Got a pitted leather armour
  5317 | D:6      | Identified the cursed +0 leather armour of Polish {MR+}
                  | (You found it on level 6 of the Dungeon)
  5600 | D:6      | Noticed a two-headed ogre
  5781 | D:7      | Found a shadowy altar of Dithmenos.
  5842 | D:7      | Found Hiugaerch's Distillery.
  5845 | D:7      | Bought a potion of invisibility for 112 gold pieces
  5845 | D:7      | Bought a potion of heal wounds for 70 gold pieces
  5845 | D:7      | Bought a potion of heal wounds for 70 gold pieces
  5845 | D:7      | Bought a potion of heal wounds for 70 gold pieces
  5981 | D:7      | Noticed Menkaure
  5986 | D:7      | Killed Menkaure
  5986 | D:7      | Reached skill level 5 in Fighting
  6060 | D:7      | Found a snail-covered altar of Cheibriados.
  6273 | D:7      | Found a runed translucent door.
  6274 | D:7      | Noticed Crazy Yiuf
  6341 | D:7      | Killed Crazy Yiuf
  6476 | D:8      | Reached skill level 12 in Slings
  6532 | D:8      | Reached XP level 10. HP: 39/66 MP: 13/13
  6555 | D:8      | Reached skill level 5 in Invocations
  6603 | D:8      | Noticed a three-headed hydra
  6614 | D:8      | Killed a three-headed hydra
  6860 | D:8      | Reached *** piety under Fedhas
  7027 | D:8      | Reached skill level 5 in Polearms
  7678 | D:9      | Noticed a two-headed ogre
  7686 | D:9      | Killed a two-headed ogre
  7762 | D:9      | Reached XP level 11. HP: 33/74 MP: 15/15
  8218 | D:9      | Found an ancient bone altar of Kikubaaqudgha.
  8219 | D:9      | Found a glowing golden altar of the Shining One.
  8219 | D:9      | Found a basalt altar of Yredelemnul.
  8235 | D:9      | Noticed Harold
  8250 | D:9      | Killed Harold
  8250 | D:9      | Reached **** piety under Fedhas
  8311 | D:9      | Learned a level 2 spell: Ensorcelled Hibernation
  8610 | D:10     | Entered Level 10 of the Dungeon
  8922 | D:10     | Found Ackogol's Antique Armour Emporium.
  8973 | D:10     | Noticed Maurice
  8984 | D:10     | Killed Maurice
  9007 | D:10     | Noticed an unseen horror
  9008 | D:10     | Noticed a two-headed ogre
  9020 | D:10     | Mangled by a two-headed ogre

Levels and vault maps discovered:
D:1:      dpeg_arrival_castle, layout_basic
D:2:      layout_rooms
D:3:      cheibrodos_greedy_goblins, layout_loops_cross, corexii_hall_statues_u,
          tgw_xom
D:4:      layout_basic, minitemple, minmay_temple_entry_water_ring,
          gup_sewer_entry_bubbles, fedhas_ov_isle_minmay
D:5:      layout_loops_corners, elyvilon_altar_1, evilmike_ruin_ashenzari,
          first_ration, gup_ossuary_entry_pyramid, grunt_ministairs_14,
          uniq_eustachio
D:6:      layout_loops_ring
D:7:      layout_loops_ring, slow_altar_2, serial_shops, kennysheep_mini_moat,
          nicolae_dithmenos_shadow_blocks, uniq_crazy_yiuf_cottage,
          uniq_menkaure
D:8:      layout_layer_cave, hangedman_ranch [blue_anna_fruit_fields]
D:9:      layout_basic, chequers_temple_overflow_statue_of_worship,
          minmay_stone_trees_small, hangedman_weighted_door,
          lemuel_statue_altar, uniq_harold
D:10:     layout_small_grid, serial_shops, nicolae_shop_trees,
          lemuel_blue_sif_altar, uniq_maurice
Temple:   eino_temple_water

Skill      XL: |  1  2  3  4  5  6  7  8  9 10 11 |
---------------+----------------------------------+-----
Slings         | 6 7 8 9 10 12 | 12.0
Fighting       | 2 3 4 5 6 7 |  7.4
Dodging        | 3 4 5 6 8 |  8.9
Shields        | 1 2 3 |  3.1
Polearms       | 2 3 5 6 |  6.2
Invocations    | 2 4 6 7 |  7.5
Stealth        | |  1.1

Action                   |  1- 3 |  4- 6 |  7- 9 | 10-12 || total
-------------------------+-------+-------+-------+-------++-------
Melee: Trident           |       |       |   309 |   229 ||   538
 Fire: Hunting sling     |    96 |   255 |    56 |       ||   407
  Use: Scroll            |       |     8 |     5 |    10 ||    23
       Potion            |       |       |     1 |       ||     1
 Stab: Sleeping          |       |       |    10 |     9 ||    19
  Eat: Chunk             |       |     5 |    11 |    15 ||    31
       Ration            |       |       |     1 |       ||     1
Armor: Leather armour    |     8 |     7 |    44 |    30 ||    89
Dodge: Dodged            |    22 |    41 |   213 |   172 ||   448
Block: Buckler           |       |    20 |     7 |       ||    27
